Map: Prion Terraces

Players

Jason - Winner!

  • Race: Terran Terran
  • League: Grandmaster

avilo

  • Race: Terran Terran
  • League: Grandmaster

VOD

Have the link to the VOD?

Description

Time

  • Played on: Dec. 27, 2015, 8:16 p.m.
  • Length: 10:38
Show
View Real Time Build Order
Export as new Build Order

Jason Terran - Winner!

Build Orders: Reaper Expand, MMM Bio 

Get SALT Encoding   

  12  0:01  SCV  
  13  0:13  SCV  
  14  0:18  Supply Depot  
  14  0:25  SCV  
  15  0:39  SCV  
  15  0:41  Barracks  
  16  0:45  Refinery  
  16  0:51  SCV  
  17  1:03  SCV  
  18  1:15  SCV  
  19  1:29  Orbital Command  
  19  1:31  Reaper  
  20  1:44  Command Center  
  20  1:52  Supply Depot  
  20  1:55  SCV  
  21  2:03  Reaper  
  22  2:08  SCV  
  22  2:12  Barracks  
  23  2:21  SCV, Bunker  
  24  2:33  SCV  
  24  2:34  Factory  
  25  2:41  Refinery  
  25  2:46  SCV, Barracks Reactor  
  26  3:02  Barracks Tech Lab  
  26  3:03  SCV, Orbital Command  
  27  3:16  SCV  
  28  3:23  Supply Depot, Marine x2  
  30  3:28  Marine  
  30  3:30  Cyclone  
  30  3:31  SCV  
  30  3:32  SCV  
  36  3:39  Engineering Bay  
  36  3:43  Marine x2  
  36  3:44  SCV x2  
  40  3:49  Marine  
  41  3:56  SCV x2  
  46  4:02  Cyclone  
  46  4:04  Marine x2  
  46  4:08  SCV  
  49  4:10  Missile Turret  
  49  4:11  Missile Turret  
  49  4:12  SCV  
  50  4:18  Missile Turret  
  50  4:20  SCV  
  50  4:22  Marine x2  
  53  4:24  SCV  
  53  4:29  Refinery  
  54  4:39  Starport  
  54  4:43  Supply Depot, SCV x2  
  54  4:46  Terran Infantry Weapons Level 1  
  54  4:48  Factory Tech Lab  
  54  4:58  Stimpack  
  54  4:59  Supply Depot  
  54  5:04  Marine  
  54  5:05  SCV x2  
  54  5:06  Supply Depot  
  57  5:13  Marine x2  
  59  5:15  Siege Tank  
  59  5:20  SCV x2  
  64  5:24  Supply Depot  
  64  5:25  Viking  
  66  5:29  Marine  
  66  5:31  Marine  
  66  5:32  SCV x2  
  70  5:40  Marine  
  70  5:44  SCV x2  
  70  5:47  Marine  
  73  5:50  Siege Tank  
  73  5:56  SCV x2  
  78  5:57  Starport Reactor  
  78  6:01  Marine x2  
  78  6:02  Command Center  
  80  6:08  SCV x2  
  82  6:11  Marine  
  82  6:16  Barracks  
  83  6:18  Barracks  
  83  6:19  Marine  
  83  6:21  SCV  
  83  6:22  Barracks  
  86  6:25  SCV  
  86  6:31  Supply Depot  
  86  6:40  Terran Infantry Armor Level 1  
  86  6:41  Refinery  
  86  6:46  Supply Depot  
  86  6:52  Marine x3  
  86  6:53  SCV x2  
  59  6:54  Medivac  
  91  7:00  Supply Depot  
  93  7:02  Combat Shields  
  93  7:05  SCV  
  93  7:07  SCV, Barracks Tech Lab, Medivac  
  97  7:09  Barracks Tech Lab  
  97  7:11  Barracks Tech Lab  
  97  7:14  Marine x2  
  99  7:17  SCV, Orbital Command  
  99  7:19  SCV  
  99  7:20  Marine  
  102  7:26  Medivac  
  102  7:29  SCV  
  105  7:32  Marauder x2, Marine  
  105  7:33  SCV  
  111  7:38  Marauder x2  
  111  7:39  Concussive Shells  
  111  7:40  Orbital Command  
  115  7:45  SCV  
  116  7:52  SCV, Marine  
  116  7:53  Marine x2  
  116  7:54  Marauder  
  122  8:00  Refinery, Sensor Tower, Engineering Bay  
  122  8:02  SCV  
  122  8:03  Armory  
  122  8:04  SCV, Refinery  
  124  8:07  SCV  
  125  8:13  Supply Depot  
  125  8:24  Supply Depot x2, Medivac x2  
  125  8:25  SCV x2, Marauder  
  133  8:33  Marine  
  133  8:34  Widow Mine  
  133  8:35  Marauder x2  
  133  8:36  SCV  
  133  8:39  Marine  
  141  8:45  Marauder  
  141  8:46  Supply Depot x2, Marauder  
  145  8:50  Marine  
  146  8:56  Marauder, Marine  
  146  8:57  Marine  
  146  8:59  Factory, Starport  
  146  9:02  Supply Depot  
  150  9:03  Siege Tank  
  150  9:06  Marauder  
  150  9:08  Marine, Marauder  
  158  9:14  Marauder  
  158  9:15  Marine  
  161  9:18  Marauder  
  161  9:23  Medivac x2  
  167  9:26  Marine  
  167  9:28  Marauder  
  170  9:37  Marauder, Marine  
  173  9:41  Marine  
  173  9:42  Marauder  
  176  9:49  Command Center  
  176  9:50  Sensor Tower  
  173  10:00  Command Center  
  162  10:20  Marine  
  153  10:23  Factory Tech Lab  
Show
View Real Time Build Order
Export as new Build Order

avilo Terran 

Build Orders: 1/1/1, Mech, Banshee Rush 

Get SALT Encoding   

  12  0:01  SCV  
  13  0:13  SCV  
  14  0:17  Supply Depot  
  14  0:25  SCV  
  15  0:37  Refinery  
  15  0:39  SCV  
  16  0:45  Barracks  
  16  0:51  SCV  
  16  0:55  Refinery  
  17  1:03  SCV  
  18  1:15  SCV  
  19  1:31  Orbital Command  
  19  1:35  Factory  
  19  1:40  Reaper  
  20  1:47  Supply Depot  
  20  1:57  SCV  
  21  2:09  SCV  
  21  2:14  Reaper  
  22  2:21  SCV, Starport  
  23  2:23  Hellion  
  25  2:33  SCV  
  26  2:38  Supply Depot  
  26  2:45  SCV  
  26  2:50  Factory Tech Lab  
  27  2:57  SCV  
  28  3:10  SCV  
  29  3:15  Command Center  
  29  3:20  Cloaking Field  
  29  3:22  SCV  
  29  3:26  Banshee  
  33  3:33  Barracks Reactor, Factory Tech Lab  
  33  3:34  SCV  
  34  3:39  Supply Depot  
  34  3:46  SCV  
  35  3:53  Siege Tank  
  38  3:58  SCV  
  39  4:12  Banshee, Marine x2  
  39  4:15  SCV  
  45  4:20  Supply Depot  
  45  4:28  SCV, Orbital Command  
  45  4:42  SCV  
  46  4:46  Command Center  
  46  4:51  Refinery  
  46  4:52  Refinery  
  46  4:54  SCV x2  
  46  4:58  Raven  
  50  5:05  Factory  
  51  5:07  SCV  
  51  5:08  SCV  
  52  5:17  Barracks Reactor  
  52  5:19  SCV  
  52  5:20  SCV  
  54  5:21  Infernal Pre-Igniter  
  54  5:23  Hellion  
  56  5:31  SCV  
  56  5:32  Supply Depot, SCV  
  58  5:43  SCV, Engineering Bay  
  58  5:44  SCV  
  57  5:51  Hellion x2  
  57  5:52  Siege Tank  
  57  5:55  SCV  
  57  5:56  SCV  
  66  6:01  Orbital Command  
  66  6:09  SCV x2  
  65  6:12  Viking  
  65  6:15  Viking  
  69  6:24  Missile Turret  
  69  6:26  Missile Turret  
  69  6:29  Siege Tank  
  69  6:31  Bunker  
  72  6:33  SCV x2  
  72  6:37  Orbital Command  
  74  6:43  Viking  
  74  6:46  Sensor Tower  
  78  6:47  Hellion  
  78  6:48  Missile Turret  
  78  6:54  SCV x2  
  78  7:00  Liberator  
  80  7:04  Missile Turret  
  80  7:05  SCV  
  80  7:06  SCV, Missile Turret  
  80  7:07  SCV  
  80  7:08  Missile Turret  
  83  7:10  Missile Turret  
  83  7:14  Missile Turret  
  83  7:16  Viking  
  88  7:23  Siege Tank  
  88  7:24  Hellion  
  88  7:27  Supply Depot  
  93  7:30  SCV  
  93  7:36  Refinery x2  
  93  7:39  Factory  
  93  7:43  Missile Turret  
  93  7:45  Supply Depot  
  93  7:49  SCV x2  
  93  7:50  Armory  
  93  7:51  Armory  
  95  7:54  SCV  
  95  7:55  Sensor Tower  
  96  8:01  Hellion, Siege Tank  
  101  8:07  Supply Depot, Hellion, SCV  
  101  8:11  SCV x2  
  106  8:19  Viking  
  108  8:26  SCV, Missile Turret  
  109  8:28  SCV x2, Viking  
  113  8:36  Siege Tank x2  
  113  8:37  Hellion, Missile Turret  
  117  8:41  Supply Depot, Missile Turret  
  117  8:46  Supply Depot x2  
  117  9:00  Supply Depot  
  117  9:03  SCV x3, Hellion, Viking, Supply Depot  
  117  9:07  Viking  
  117  9:09  Factory  
  126  9:14  Factory  
  126  9:15  SCV x2  
  128  9:17  Missile Turret  
  128  9:18  Missile Turret  
  128  9:19  SCV  
  129  9:27  SCV  
  130  9:32  SCV  
  130  9:33  SCV  
  130  9:34  Starport  
  130  9:36  Starport  
  130  9:37  Starport  
  132  9:41  Viking x2  
  136  9:51  Command Center, SCV x2  
  136  9:52  SCV, Supply Depot  
  139  9:53  Supply Depot, Missile Turret  
  126  10:16  Factory Tech Lab  
  126  10:17  Factory Tech Lab  
Tags
 
Add a new tag
Caveats
  • Supply blocks, unpowered buildings, or Contaminate may cause inaccurate times.
  • Supply counts are checked every 10 seconds.